Senators vs Whale

Created - Monday, January 26, 2015 at 00:01

Goals
1 2 3 T
Senators 1 0 0 1
Whale 0 0 0 0
Shots
1 2 3 T
Senators 10 8 7 25
Whale 8 3 3 14

1st period

1. Senators , Martin St. Pierre 2 (Josh Leivo, Greg Pateryn) at 17:04 (PP)

Penalties :
Nick Tarnasky (CON) for Fighting (Major) at 0:11, Mike Brown (BIN) for Fighting (Major) at 0:11, Colton Orr (BIN) for Cross-checking (Minor) at 0:33, Jay Rosehill (CON) for Fighting (Major) at 14:38, Mike Brown (BIN) for Fighting (Major) at 14:38, Jon Sim (CON) for Roughing (Minor) at 16:11, Mike Moore (CON) for Fighting (Major) at 17:48, Colton Orr (BIN) for Fighting (Major) at 17:48

2nd period

No Goal

Penalties :
Dallas Jackson (CON) for Hooking (Minor) at 4:39, Jay Rosehill (CON) for Tripping (Minor) at 11:33

3rd period

No Goal

Penalties :
Steve Eminger (BIN) for Delaying the game (Minor) at 0:15, Korbinian Holzer (BIN) for Slashing (Minor) at 7:49

Goalie Stats

Jean-Francois Berube (BIN), 14 saves from 14 shots - (1.000), W, 26-10-8, 60:00 minutes
Dustin Tokarski (CON), 24 saves from 25 shots - (0.960), L, 12-7-7, 59:39 minutes

Players Stats for Senators

Player Name              G  A  P  +/- PIM S  H  SB GA TA FO     MP     PP MP  PK MP  
------------------------------------------------------------------------------------
Andrew MacWilliam        0  0  0   0  0   0  1  0  0  2  0/0    18:25   0:00   0:37 
Colton Orr               0  0  0   0  7   1  2  0  3  0  0/0    16:01   2:08   0:22 
Daine Todd               0  0  0   0  0   1  1  0  3  0  3/7    17:13   0:57   0:00 
David Broll              0  0  0   0  0   0  3  0  1  0  0/0    15:02   0:00   2:11 
Emerson Etem             0  0  0   0  0   4  3  1  4  1  1/3    21:05   1:50   3:15 
Evan Trupp               0  0  0   0  0   2  0  0  0  0  1/3     9:23   0:00   0:00 
Greg Nemisz              0  0  0   0  0   3  1  0  1  0  0/0    14:52   0:24   0:00 
Greg Pateryn             0  1  1   0  0   2  0  0  0  0  0/0    21:54   1:39   3:39 
Jesse Blacker            0  0  0   0  0   1  1  2  1  1  0/0    19:47   1:39   0:36 
Joe Finley               0  0  0   0  0   0  2  1  0  0  0/0     8:28   0:00   0:00 
Josh Leivo               0  1  1   0  0   1  3  0  1  1  0/1    18:26   2:08   0:00 
Kenny Ryan               0  0  0   0  0   0  0  0  0  0  0/0     0:24   0:00   0:00 
Korbinian Holzer         0  0  0   0  2   2  4  0  1  3  0/0    25:14   3:12   3:22 
Kyle Chipchura           0  0  0   0  0   3  0  2  1  0  4/16   19:57   2:43   3:24 
Martin St. Pierre        1  0  1   0  0   2  0  0  1  1  2/6    18:30   2:08   0:36 
Mike Brown               0  0  0   0  10  1  2  0  4  0  0/0    14:05   2:15   0:22 
Steve Eminger            0  0  0   0  2   2  2  0  0  2  0/0    23:08   3:12   3:40 
Tyler Biggs              0  0  0   0  0   0  1  0  1  0  0/0    11:53   0:00   1:44 

Players Stats for Whale

Player Name              G  A  P  +/- PIM S  H  SB GA TA FO     MP     PP MP  PK MP  
------------------------------------------------------------------------------------
Brad Staubitz            0  0  0   0  0   0  2  0  0  0  0/0     4:22   1:12   0:00 
Brendan Ranford          0  0  0   0  0   0  1  1  1  0  0/0    14:26   0:03   0:00 
Brennan Evans            0  0  0   0  0   0  1  0  0  0  0/0     2:38   0:00   0:00 
Chris McKelvie           0  0  0   0  0   0  0  1  0  0  3/4    14:45   2:32   1:32 
Dallas Jackson           0  0  0   0  2   0  3  0  0  1  0/0    25:16   3:45   0:48 
Denis Grebeshkov         0  0  0   0  0   0  0  1  0  5  0/0    27:22   4:04   2:46 
Denny Urban              0  0  0   0  0   1  1  0  0  0  1/1    17:41   2:12   1:17 
Derek Nesbitt            0  0  0   0  0   0  3  1  1  0  0/0    14:58   0:44   0:00 
James Livingston         0  0  0   0  0   0  0  0  0  1  1/2    17:56   0:23   3:33 
Jay Rosehill             0  0  0   0  7   2  2  2  1  0  1/3    16:15   2:49   0:00 
John McCarthy            0  0  0   0  0   3  0  0  2  0  6/6    20:53   2:52   1:07 
Jon Sim                  0  0  0   0  2   3  1  1  1  0  0/0    18:40   2:01   0:00 
Kelly Zajac              0  0  0   0  0   0  0  0  0  0  3/4     4:57   0:53   0:00 
Mike Hedden              0  0  0   0  0   2  4  0  5  0  0/0    23:19   2:19   1:12 
Mike Moore               0  0  0   0  5   0  4  1  1  1  0/0    22:17   0:00   2:45 
Nick Tarnasky            0  0  0   0  5   2  2  0  3  1  10/16  21:21   2:03   2:18 
Stefan Warg              0  0  0   0  0   0  0  0  0  0  0/0     6:01   0:08   0:00 
Taylor Chorney           0  0  0   0  0   1  2  2  1  2  0/0    21:46   1:45   2:06 

3 Stars

1 - Dustin Tokarski (CON)
2 - Jean-Francois Berube (BIN)
3 - Martin St. Pierre (BIN)

Power Play

Senators - 1 on 3 Attempt(s) - 33.33%
Whale - 0 on 3 Attempt(s) - 0.00%

Penalty Kill

Senators - 3 on 3 Attempt(s) - 100.00% - Score 0 goal in Penalty Kill
Whale - 2 on 3 Attempt(s) - 66.67% - Score 0 goal in Penalty Kill

Team Stat

Senators - Hits : 26 - Faceoff Wins : 11 - Blocked Shots : 6 - Penalty Minutes : 21
Whale - Hits : 26 - Faceoff Wins : 25 - Blocked Shots : 10 - Penalty Minutes : 21

Official

Referees : Unknown
Linesman : Unknown

Game Notes

Mike Brown beats up Nick Tarnasky at 0:11 of 1st period
Kelly Zajac is injured at 13:49 of 1st period (Bruised Right Leg)
Jay Rosehill and Mike Brown fight to a draw at 14:38 of 1st period
Colton Orr beats up Mike Moore at 17:48 of 1st period
Joe Finley is injured at 14:01 of 2nd period (Left Leg)

Finance

Level 1 -- Attendance: 1526 (76.30%) -- Ticket Income $53,410
Level 2 -- Attendance: 708 (70.80%) -- Ticket Income $10,620
Total Attendance: 2234 (74.47%)
Total Ticket Income: $64,030
Other Income: $31,375
Total Income: $95,405

Senators

5 vs 5 Forward 
   Center                   Left Wing                Right Wing               Time % Phy DF OF 
 1 Kyle Chipchura           Emerson Etem             Mike Brown               35     1   2  2  
 2 Martin St. Pierre        Josh Leivo               Colton Orr               30     1   2  2  
 3 Daine Todd               David Broll              Greg Nemisz              22     1   2  2  
 4 Evan Trupp               Emerson Etem             Tyler Biggs              13     1   2  2  

5 vs 5 Defense 
   Defense                  Defense                                           Time % Phy DF OF 
 1 Steve Eminger            Korbinian Holzer                                  35     1   2  2  
 2 Greg Pateryn             Jesse Blacker                                     30     1   2  2  
 3 Andrew MacWilliam        Joe Finley                                        22     1   2  2  
 4 Steve Eminger            Korbinian Holzer                                  13     1   2  2  

PowerPlay Forward 
   Center                   Left Wing                Right Wing               Time % Phy DF OF 
 1 Kyle Chipchura           Emerson Etem             Mike Brown               60     1   2  2  
 2 Martin St. Pierre        Josh Leivo               Colton Orr               40     1   2  2  

PowerPlay Defense
   Defense                  Defense                                           Time % Phy DF OF 
 1 Steve Eminger            Korbinian Holzer                                  60     1   2  2  
 2 Greg Pateryn             Jesse Blacker                                     40     1   2  2  

Penalty Kill 4 Players Forward 
   Center                   Wing                     Time % Phy DF OF 
 1 Emerson Etem             Kyle Chipchura           60     1   2  2  
 2 Mike Brown               Colton Orr               40     1   2  2  

Penalty Kill 4 Players Defense
   Defense                  Defense                  Time % Phy DF OF 
 1 Steve Eminger            Korbinian Holzer         60     1   2  2  
 2 Greg Pateryn             Jesse Blacker            40     1   2  2  

Penalty Kill - 3 Players Forward 
   Forward                                           Time % Phy DF OF 
 1 Emerson Etem                                      60     1   2  2  
 2 Kyle Chipchura                                    40     1   2  2  

Penalty Kill - 3 Players Defense
   Defense                  Defense                  Time % Phy DF OF 
 1 Steve Eminger            Korbinian Holzer         60     1   2  2  
 2 Greg Pateryn             Jesse Blacker            40     1   2  2  

4 vs 4 Forward 
   Center                   Wing                     Time % Phy DF OF 
 1 Emerson Etem             Kyle Chipchura           60     1   2  2  
 2 Mike Brown               Colton Orr               40     1   2  2  

4 vs 4 Defense
   Defense                  Defense                  Time % Phy DF OF 
 1 Steve Eminger            Korbinian Holzer         60     1   2  2  
 2 Greg Pateryn             Jesse Blacker            40     1   2  2  

Last Minutes Offensive
   Center                   Left Wing                Right Wing               Defense                  Defense                  
   Kyle Chipchura           Emerson Etem             Mike Brown               Steve Eminger            Korbinian Holzer         

Last Minutes Defensive
   Center                   Left Wing                Right Wing               Defense                  Defense                  
   Kyle Chipchura           Emerson Etem             Mike Brown               Steve Eminger            Korbinian Holzer         

Goaltenders
Starting : Jean-Francois Berube     
Backup : Cedrick Desjardins       

Extra Forwards
Normal : Daine Todd, Greg Nemisz, Tyler Biggs - PP : Daine Todd, Greg Nemisz - PK : Tyler Biggs
Extra Defensemen
Normal : Andrew MacWilliam, Joe Finley, Greg Pateryn - PP : Andrew MacWilliam - PK : Joe Finley, Greg Pateryn
Penalty Shots
Emerson Etem, Kyle Chipchura, Mike Brown, Colton Orr, Josh Leivo

Whale

5 vs 5 Forward 
   Center                   Left Wing                Right Wing               Time % Phy DF OF 
 1 Nick Tarnasky            John McCarthy            Brendan Ranford          35     1   2  2  
 2 Kelly Zajac              Mike Hedden              Jon Sim                  30     1   2  2  
 3 Mike Hedden              Nick Tarnasky            James Livingston         22     1   2  2  
 4 John McCarthy            Jay Rosehill             Derek Nesbitt            13     1   2  2  

5 vs 5 Defense 
   Defense                  Defense                                           Time % Phy DF OF 
 1 Dallas Jackson           Denis Grebeshkov                                  35     1   2  2  
 2 Taylor Chorney           Mike Moore                                        30     1   2  2  
 3 Dallas Jackson           Mike Moore                                        22     1   2  2  
 4 Denny Urban              Denis Grebeshkov                                  13     1   2  2  

PowerPlay Forward 
   Center                   Left Wing                Right Wing               Time % Phy DF OF 
 1 Nick Tarnasky            John McCarthy            Jay Rosehill             60     1   2  2  
 2 Kelly Zajac              Mike Hedden              Jon Sim                  40     1   2  2  

PowerPlay Defense
   Defense                  Defense                                           Time % Phy DF OF 
 1 Dallas Jackson           Denis Grebeshkov                                  60     1   2  2  
 2 Taylor Chorney           Denny Urban                                       40     1   2  2  

Penalty Kill 4 Players Forward 
   Center                   Wing                     Time % Phy DF OF 
 1 Nick Tarnasky            James Livingston         60     1   2  2  
 2 John McCarthy            Mike Hedden              40     1   2  2  

Penalty Kill 4 Players Defense
   Defense                  Defense                  Time % Phy DF OF 
 1 Mike Moore               Denis Grebeshkov         60     1   2  2  
 2 Taylor Chorney           Dallas Jackson           40     1   2  2  

Penalty Kill - 3 Players Forward 
   Forward                                           Time % Phy DF OF 
 1 Mike Hedden                                       60     1   2  2  
 2 John McCarthy                                     40     1   2  2  

Penalty Kill - 3 Players Defense
   Defense                  Defense                  Time % Phy DF OF 
 1 Mike Moore               Denis Grebeshkov         60     1   2  2  
 2 Taylor Chorney           Denny Urban              40     1   2  2  

4 vs 4 Forward 
   Center                   Wing                     Time % Phy DF OF 
 1 Nick Tarnasky            Jon Sim                  60     1   2  2  
 2 John McCarthy            Mike Hedden              40     1   2  2  

4 vs 4 Defense
   Defense                  Defense                  Time % Phy DF OF 
 1 Dallas Jackson           Denis Grebeshkov         60     1   2  2  
 2 Taylor Chorney           Mike Moore               40     1   2  2  

Last Minutes Offensive
   Center                   Left Wing                Right Wing               Defense                  Defense                  
   Nick Tarnasky            John McCarthy            Mike Hedden              Taylor Chorney           Denis Grebeshkov         

Last Minutes Defensive
   Center                   Left Wing                Right Wing               Defense                  Defense                  
   Nick Tarnasky            John McCarthy            Mike Hedden              Taylor Chorney           Denis Grebeshkov         

Goaltenders
Starting : Dustin Tokarski          
Backup : Igor Bobkov              

Extra Forwards
Normal : Nick Tarnasky, Jay Rosehill, James Livingston - PP : Nick Tarnasky, Jay Rosehill - PK : James Livingston
Extra Defensemen
Normal : Dallas Jackson, Mike Moore, Denny Urban - PP : Dallas Jackson - PK : Mike Moore, Denny Urban
Penalty Shots
Kelly Zajac, Jay Rosehill, John McCarthy, Mike Hedden, Nick Tarnasky

% Time on Ice - Senators

Lines # - Real PCT - Wanted PCT - Time Play
Normal Forward
1 - 27% - 35% - 13:08
2 - 32% - 30% - 15:19
3 - 24% - 22% - 11:46
4 - 17% - 13% - 8:16
Normal Defense
1 - 24% - 35% - 11:46
2 - 28% - 30% - 13:33
3 - 45% - 22% - 21:37
4 - 3% - 13% - 1:33
PP Forward
1 - 56% - 60% - 2:43
2 - 44% - 40% - 2:08
PP Defense
1 - 66% - 60% - 3:12
2 - 34% - 40% - 1:39
PK Forward
1 - 80% - 60% - 4:47
2 - 20% - 40% - 1:10
PK Defense
1 - 90% - 60% - 5:21
2 - 10% - 40% - 0:36
PK3 Forward
1 - 0% - 60%
2 - 0% - 40%
PK3 Defense
1 - 0% - 60%
2 - 0% - 40%
44 Forward
1 - 0% - 60%
2 - 0% - 40%
44 Defense
1 - 0% - 60%
2 - 0% - 40%
Last Minute Offensive  - 0:00
Last Minute Defensive  - 0:43
Total
Forward - 60:00
Defense - 60:00

% Time on Ice - Whale

Lines # - Real PCT - Wanted PCT - Time Play
Normal Forward
1 - 27% - 35% - 13:07
2 - 49% - 30% - 23:41
3 - 7% - 22% - 3:14
4 - 17% - 13% - 8:27
Normal Defense
1 - 27% - 35% - 12:53
2 - 35% - 30% - 16:49
3 - 16% - 22% - 7:42
4 - 23% - 13% - 11:05
PP Forward
1 - 40% - 60% - 2:23
2 - 60% - 40% - 3:34
PP Defense
1 - 63% - 60% - 3:45
2 - 37% - 40% - 2:12
PK Forward
1 - 92% - 60% - 4:28
2 - 8% - 40% - 0:23
PK Defense
1 - 57% - 60% - 2:45
2 - 43% - 40% - 2:06
PK3 Forward
1 - 0% - 60%
2 - 0% - 40%
PK3 Defense
1 - 0% - 60%
2 - 0% - 40%
44 Forward
1 - 0% - 60%
2 - 0% - 40%
44 Defense
1 - 0% - 60%
2 - 0% - 40%
Last Minute Offensive  - 0:43
Last Minute Defensive  - 0:00
Total
Forward - 60:00
Defense - 60:00

Play by Play

1st period


0:01 of 1st period - Kyle Chipchura wins face-off versus Nick Tarnasky in neutral zone.
0:11 of 1st period - Mike Brown beats up Nick Tarnasky.
0:11 of 1st period - Penalty to Nick Tarnasky for Fighting.
0:11 of 1st period - Penalty to Mike Brown for Fighting.
0:12 of 1st period - Kelly Zajac wins face-off versus Martin St. Pierre in Whale zone.
0:29 of 1st period - Snap shot by Jon Sim.
0:29 of 1st period - Deflect By Jesse Blacker.
0:29 of 1st period - Stopped by Jean-Francois Berube with a rebound.
0:31 of 1st period - Slapshot by Taylor Chorney.
0:31 of 1st period - Shot Blocked by Jesse Blacker.
0:33 of 1st period - Minor Penalty to Colton Orr for Cross-checking.
0:34 of 1st period - Chris McKelvie wins face-off versus Emerson Etem in Senators zone.
0:57 of 1st period - Snap shot by Jay Rosehill.
0:57 of 1st period - Stopped by Jean-Francois Berube with a rebound.
0:59 of 1st period - Snap shot by John McCarthy.
0:59 of 1st period - Stopped by Jean-Francois Berube with a rebound.
1:01 of 1st period - Wrist shot by John McCarthy.
1:01 of 1st period - Shot Misses the Net.
1:07 of 1st period - Snap shot by John McCarthy.
1:07 of 1st period - Stopped by Jean-Francois Berube with a rebound.
1:09 of 1st period - Backhand shot by Jay Rosehill.
1:09 of 1st period - Stopped by Jean-Francois Berube with a rebound.
1:40 of 1st period - Wrist shot by Jon Sim.
1:40 of 1st period - Stopped by Jean-Francois Berube with a rebound.
2:33 of 1st period - Penalty to Colton Orr is over, Colton Orr is back on ice.
3:24 of 1st period - Josh Leivo is hit by Jay Rosehill.
3:38 of 1st period - Andrew MacWilliam is hit by Mike Moore and loses puck.
3:54 of 1st period - John McCarthy is hit by Andrew MacWilliam and loses puck.
4:13 of 1st period - Emerson Etem is hit by Denny Urban and loses puck.
5:09 of 1st period - Slapshot by Mike Hedden.
5:09 of 1st period - Stopped by Jean-Francois Berube without a rebound.
5:10 of 1st period - Kelly Zajac wins face-off versus Evan Trupp in Senators zone.
6:10 of 1st period - Mike Brown is hit by Mike Hedden and loses puck.
6:23 of 1st period - Icing by Mike Hedden.
6:24 of 1st period - Kyle Chipchura wins face-off versus Kelly Zajac in Whale zone.
6:43 of 1st period - Denny Urban is hit by Korbinian Holzer and loses puck.
7:14 of 1st period - Snap shot by Emerson Etem.
7:14 of 1st period - Shot Blocked by Chris McKelvie.
7:47 of 1st period - Denis Grebeshkov is hit by David Broll.
8:49 of 1st period - Steve Eminger is hit by Nick Tarnasky and loses puck.
9:39 of 1st period - Off-side.
9:40 of 1st period - Martin St. Pierre wins face-off versus Nick Tarnasky in neutral zone.
9:43 of 1st period - Mike Hedden is hit by Colton Orr and loses puck.
9:56 of 1st period - Taylor Chorney is hit by Josh Leivo and loses puck.
10:24 of 1st period - Mike Moore is hit by Joe Finley and loses puck.
10:37 of 1st period - Snap shot by Greg Nemisz.
10:37 of 1st period - Stopped by Dustin Tokarski with a rebound.
10:39 of 1st period - Snap shot by Greg Nemisz.
10:39 of 1st period - Stopped by Dustin Tokarski without a rebound.
10:40 of 1st period - Kelly Zajac wins face-off versus Daine Todd in Whale zone.
10:40 of 1st period - Kelly Zajac is hit by Greg Nemisz.
11:33 of 1st period - Kelly Zajac is hit by Josh Leivo and loses puck.
11:58 of 1st period - Slapshot by Steve Eminger.
11:58 of 1st period - Stopped by Dustin Tokarski with a rebound.
12:00 of 1st period - Snap shot by Steve Eminger.
12:00 of 1st period - Stopped by Dustin Tokarski with a rebound.
12:02 of 1st period - Slapshot by Evan Trupp.
12:02 of 1st period - Stopped by Dustin Tokarski with a rebound.
12:18 of 1st period - Emerson Etem is hit by Derek Nesbitt and loses puck.
12:27 of 1st period - Denis Grebeshkov is hit by Mike Brown and loses puck.
12:42 of 1st period - James Livingston is hit by Joe Finley and loses puck.
13:29 of 1st period - Jesse Blacker is hit by Derek Nesbitt and loses puck.
13:48 of 1st period - Kelly Zajac is hit by Steve Eminger and loses puck.
13:49 of 1st period - Kelly Zajac from Whale is injured at 13:49 of 1st period (Bruised Right Leg).
13:50 of 1st period - Nick Tarnasky wins face-off versus Kyle Chipchura in Whale zone.
14:38 of 1st period - Jay Rosehill and Mike Brown fight to a draw.
14:38 of 1st period - Penalty to Jay Rosehill for Fighting.
14:38 of 1st period - Penalty to Mike Brown for Fighting.
14:39 of 1st period - Daine Todd wins face-off versus Nick Tarnasky in Senators zone.
14:56 of 1st period - Jon Sim is hit by David Broll and loses puck.
15:48 of 1st period - Snap shot by Martin St. Pierre.
15:48 of 1st period - Stopped by Dustin Tokarski without a rebound.
15:49 of 1st period - Kyle Chipchura wins face-off versus Nick Tarnasky in Whale zone.
16:11 of 1st period - Minor Penalty to Jon Sim for Roughing.
16:12 of 1st period - Nick Tarnasky wins face-off versus Kyle Chipchura in Whale zone.
16:32 of 1st period - Slapshot by Emerson Etem.
16:32 of 1st period - Shot Blocked by Mike Moore.
16:34 of 1st period - Slapshot by Steve Eminger.
16:34 of 1st period - Deflect By Emerson Etem.
16:34 of 1st period - Stopped by Dustin Tokarski with a rebound.
16:56 of 1st period - Snap shot by Martin St. Pierre.
16:56 of 1st period - Shot Misses the Net.
16:58 of 1st period - Snap shot by Greg Pateryn.
16:58 of 1st period - Stopped by Dustin Tokarski with a rebound.
17:00 of 1st period - Snap shot by Greg Pateryn.
17:00 of 1st period - Stopped by Dustin Tokarski with a rebound.
17:02 of 1st period - Wrist shot by Josh Leivo.
17:02 of 1st period - Shot Misses the Net.
17:04 of 1st period - Snap shot by Martin St. Pierre.
17:04 of 1st period - Goal by Martin St. Pierre - Senators : 1 - Whale : 0.
17:05 of 1st period - James Livingston wins face-off versus Kyle Chipchura in neutral zone.
17:10 of 1st period - Wrist shot by Mike Hedden.
17:10 of 1st period - Stopped by Jean-Francois Berube with a rebound.
17:40 of 1st period - Colton Orr is hit by Mike Hedden and loses puck.
17:48 of 1st period - Colton Orr beats up Mike Moore.
17:48 of 1st period - Penalty to Mike Moore for Fighting.
17:48 of 1st period - Penalty to Colton Orr for Fighting.
17:49 of 1st period - John McCarthy wins face-off versus Martin St. Pierre in Senators zone.
18:33 of 1st period - Icing by Korbinian Holzer.
18:34 of 1st period - Kyle Chipchura wins face-off versus James Livingston in Senators zone.
18:39 of 1st period - Jon Sim is hit by Emerson Etem and loses puck.
Goals for this period are 1 for Senators vs 0 for Whale.
Shots for this period are 10 for Senators vs 8 for Whale.

2nd period


0:01 of 2nd period - Nick Tarnasky wins face-off versus Kyle Chipchura in neutral zone.
0:03 of 2nd period - Off-side.
0:04 of 2nd period - Nick Tarnasky wins face-off versus Kyle Chipchura in neutral zone.
0:23 of 2nd period - Wrist shot by Emerson Etem.
0:23 of 2nd period - Shot Misses the Net.
0:30 of 2nd period - Off-side.
0:31 of 2nd period - Nick Tarnasky wins face-off versus Daine Todd in neutral zone.
0:48 of 2nd period - Wrist shot by Daine Todd.
0:48 of 2nd period - Shot Misses the Net.
1:00 of 2nd period - Snap shot by Daine Todd.
1:00 of 2nd period - Stopped by Dustin Tokarski without a rebound.
1:01 of 2nd period - John McCarthy wins face-off versus Martin St. Pierre in Whale zone.
1:14 of 2nd period - Snap shot by Josh Leivo.
1:14 of 2nd period - Shot Misses the Net.
1:16 of 2nd period - Slapshot by Steve Eminger.
1:16 of 2nd period - Shot Blocked by Derek Nesbitt.
1:18 of 2nd period - Wrist shot by Josh Leivo.
1:18 of 2nd period - Shot Blocked by Jay Rosehill.
1:25 of 2nd period - Slapshot by Josh Leivo.
1:25 of 2nd period - Stopped by Dustin Tokarski without a rebound.
1:26 of 2nd period - Nick Tarnasky wins face-off versus Kyle Chipchura in Whale zone.
3:22 of 2nd period - Nick Tarnasky is hit by David Broll and loses puck.
4:11 of 2nd period - John McCarthy is hit by Emerson Etem and loses puck.
4:39 of 2nd period - Minor Penalty to Dallas Jackson for Hooking.
4:40 of 2nd period - Nick Tarnasky wins face-off versus Josh Leivo in Whale zone.
4:58 of 2nd period - Korbinian Holzer is hit by Mike Moore and loses puck.
5:16 of 2nd period - Mike Moore is hit by Korbinian Holzer and loses puck.
5:29 of 2nd period - Backhand shot by Emerson Etem.
5:29 of 2nd period - Shot Misses the Net.
5:31 of 2nd period - Slapshot by Korbinian Holzer.
5:31 of 2nd period - Stopped by Dustin Tokarski with a rebound.
5:41 of 2nd period - James Livingston is hit by Korbinian Holzer.
5:45 of 2nd period - Martin St. Pierre is hit by Taylor Chorney and loses puck.
6:39 of 2nd period - Penalty to Dallas Jackson is over, Dallas Jackson is back on ice.
7:08 of 2nd period - Snap shot by John McCarthy.
7:08 of 2nd period - Stopped by Jean-Francois Berube with a rebound.
8:32 of 2nd period - Brendan Ranford is hit by Tyler Biggs and loses puck.
8:50 of 2nd period - Mike Hedden is hit by Daine Todd and loses puck.
9:52 of 2nd period - Slapshot by Brendan Ranford.
9:52 of 2nd period - Deflect By Jon Sim.
9:52 of 2nd period - Stopped by Jean-Francois Berube with a rebound.
10:29 of 2nd period - Josh Leivo is hit by Mike Hedden and loses puck.
11:33 of 2nd period - Minor Penalty to Jay Rosehill for Tripping.
11:34 of 2nd period - Nick Tarnasky wins face-off versus Kyle Chipchura in Whale zone.
11:47 of 2nd period - Snap shot by Emerson Etem.
11:47 of 2nd period - Stopped by Dustin Tokarski with a rebound.
13:11 of 2nd period - Mike Hedden is hit by Steve Eminger.
13:33 of 2nd period - Penalty to Jay Rosehill is over, Jay Rosehill is back on ice.
13:39 of 2nd period - Icing by Nick Tarnasky.
13:40 of 2nd period - Daine Todd wins face-off versus Nick Tarnasky in Whale zone.
13:41 of 2nd period - Snap shot by Greg Nemisz.
13:41 of 2nd period - Stopped by Dustin Tokarski without a rebound.
13:42 of 2nd period - Daine Todd wins face-off versus Jay Rosehill in Whale zone.
13:45 of 2nd period - Snap shot by Greg Nemisz.
13:45 of 2nd period - Deflect By David Broll.
13:45 of 2nd period - Shot Misses the Net.
13:45 of 2nd period - Puck is out of play.
13:46 of 2nd period - Jay Rosehill wins face-off versus Daine Todd in Whale zone.
14:01 of 2nd period - Wrist shot by Jay Rosehill.
14:01 of 2nd period - Shot Blocked by Joe Finley.
14:01 of 2nd period - Joe Finley from Senators is injured at 14:01 of 2nd period (Left Leg).
14:02 of 2nd period - Nick Tarnasky wins face-off versus Kyle Chipchura in Senators zone.
15:16 of 2nd period - Andrew MacWilliam is hit by Dallas Jackson and loses puck.
15:35 of 2nd period - Daine Todd is hit by Mike Moore and loses puck.
15:50 of 2nd period - Mike Hedden is hit by Colton Orr and loses puck.
16:48 of 2nd period - Andrew MacWilliam is hit by Dallas Jackson and loses puck.
17:58 of 2nd period - Wrist shot by Nick Tarnasky.
17:58 of 2nd period - Stopped by Jean-Francois Berube with a rebound.
19:05 of 2nd period - Snap shot by Emerson Etem.
19:05 of 2nd period - Stopped by Dustin Tokarski with a rebound.
19:29 of 2nd period - Snap shot by Mike Brown.
19:29 of 2nd period - Shot Blocked by Denis Grebeshkov.
19:31 of 2nd period - Slapshot by Korbinian Holzer.
19:31 of 2nd period - Stopped by Dustin Tokarski with a rebound.
19:33 of 2nd period - Snap shot by Kyle Chipchura.
19:33 of 2nd period - Stopped by Dustin Tokarski without a rebound.
19:34 of 2nd period - John McCarthy wins face-off versus Kyle Chipchura in Whale zone.
19:36 of 2nd period - Icing by Jay Rosehill.
19:37 of 2nd period - Martin St. Pierre wins face-off versus Jay Rosehill in Whale zone.
19:42 of 2nd period - Slapshot by Colton Orr.
19:42 of 2nd period - Deflect By John McCarthy.
19:42 of 2nd period - Shot Blocked by Taylor Chorney.
19:42 of 2nd period - Puck is out of play.
19:43 of 2nd period - John McCarthy wins face-off versus Martin St. Pierre in Whale zone.
19:54 of 2nd period - Josh Leivo is hit by Taylor Chorney and loses puck.
Goals for this period are 0 for Senators vs 0 for Whale.
Shots for this period are 8 for Senators vs 3 for Whale.

3rd period


0:01 of 3rd period - Nick Tarnasky wins face-off versus Kyle Chipchura in neutral zone.
0:15 of 3rd period - Minor Penalty to Steve Eminger for Delaying the game.
0:16 of 3rd period - Emerson Etem wins face-off versus Nick Tarnasky in Senators zone.
0:47 of 3rd period - Snap shot by John McCarthy.
0:47 of 3rd period - Shot Blocked by Kyle Chipchura.
1:07 of 3rd period - Korbinian Holzer is hit by Jon Sim.
1:19 of 3rd period - Greg Pateryn is hit by Dallas Jackson.
2:15 of 3rd period - Penalty to Steve Eminger is over, Steve Eminger is back on ice.
2:31 of 3rd period - Greg Pateryn is hit by Mike Moore and loses puck.
2:38 of 3rd period - Taylor Chorney is hit by Jesse Blacker and loses puck.
2:57 of 3rd period - Snap shot by Josh Leivo.
2:57 of 3rd period - Shot Blocked by Taylor Chorney.
3:13 of 3rd period - Steve Eminger is hit by Brendan Ranford.
3:48 of 3rd period - Slapshot by Emerson Etem.
3:48 of 3rd period - Stopped by Dustin Tokarski with a rebound.
4:04 of 3rd period - Jesse Blacker is hit by Mike Hedden and loses puck.
7:49 of 3rd period - Minor Penalty to Korbinian Holzer for Slashing.
7:50 of 3rd period - Chris McKelvie wins face-off versus Emerson Etem in Senators zone.
7:57 of 3rd period - Snap shot by Mike Hedden.
7:57 of 3rd period - Shot Misses the Net.
8:54 of 3rd period - Slapshot by Denny Urban.
8:54 of 3rd period - Deflect By Steve Eminger.
8:54 of 3rd period - Stopped by Jean-Francois Berube with a rebound.
8:56 of 3rd period - Wrist shot by Brad Staubitz.
8:56 of 3rd period - Shot Blocked by Emerson Etem.
9:12 of 3rd period - David Broll is hit by Brad Staubitz and loses puck.
9:17 of 3rd period - Slapshot by Taylor Chorney.
9:17 of 3rd period - Stopped by Jean-Francois Berube with a rebound.
9:19 of 3rd period - Snap shot by Mike Hedden.
9:19 of 3rd period - Shot Misses the Net.
9:39 of 3rd period - Steve Eminger is hit by Brad Staubitz and loses puck.
9:49 of 3rd period - Penalty to Korbinian Holzer is over, Korbinian Holzer is back on ice.
10:14 of 3rd period - James Livingston is hit by Josh Leivo and loses puck.
10:47 of 3rd period - James Livingston is hit by Emerson Etem and loses puck.
10:52 of 3rd period - Snap shot by Emerson Etem.
10:52 of 3rd period - Shot Blocked by Jay Rosehill.
11:00 of 3rd period - Slapshot by Emerson Etem.
11:00 of 3rd period - Shot Blocked by Jon Sim.
11:12 of 3rd period - Daine Todd is hit by Jay Rosehill and loses puck.
11:44 of 3rd period - Mike Brown is hit by Nick Tarnasky and loses puck.
14:26 of 3rd period - Wrist shot by Colton Orr.
14:26 of 3rd period - Stopped by Dustin Tokarski with a rebound.
14:44 of 3rd period - Jesse Blacker is hit by Brennan Evans and loses puck.
14:49 of 3rd period - Slapshot by Taylor Chorney.
14:49 of 3rd period - Shot Blocked by Jesse Blacker.
14:57 of 3rd period - Wrist shot by Brendan Ranford.
14:57 of 3rd period - Shot Misses the Net.
15:19 of 3rd period - Snap shot by Evan Trupp.
15:19 of 3rd period - Shot Misses the Net.
15:53 of 3rd period - Snap shot by Nick Tarnasky.
15:53 of 3rd period - Deflect By Steve Eminger.
15:53 of 3rd period - Stopped by Jean-Francois Berube without a rebound.
15:54 of 3rd period - Denny Urban wins face-off versus Kyle Chipchura in Senators zone.
16:22 of 3rd period - Icing by Mike Hedden.
16:23 of 3rd period - John McCarthy wins face-off versus Daine Todd in Whale zone.
16:47 of 3rd period - Wrist shot by Mike Brown.
16:47 of 3rd period - Stopped by Dustin Tokarski with a rebound.
18:38 of 3rd period - Snap shot by Kyle Chipchura.
18:38 of 3rd period - Shot Blocked by Brendan Ranford.
18:40 of 3rd period - Wrist shot by Evan Trupp.
18:40 of 3rd period - Stopped by Dustin Tokarski with a rebound.
18:42 of 3rd period - Slapshot by Jesse Blacker.
18:42 of 3rd period - Stopped by Dustin Tokarski without a rebound.
18:43 of 3rd period - Chris McKelvie wins face-off versus Evan Trupp in Whale zone.
18:50 of 3rd period - Slapshot by Kyle Chipchura.
18:50 of 3rd period - Stopped by Dustin Tokarski without a rebound.
18:51 of 3rd period - Ron Rolston call a timeout for Whale.
18:51 of 3rd period - Evan Trupp wins face-off versus Chris McKelvie in Whale zone.
19:00 of 3rd period - Josh Leivo is hit by Derek Nesbitt and loses puck.
19:23 of 3rd period - Denis Grebeshkov is hit by Korbinian Holzer and loses puck.
19:32 of 3rd period - Snap shot by Mike Brown.
19:32 of 3rd period - Deflect By Kyle Chipchura.
19:32 of 3rd period - Stopped by Dustin Tokarski without a rebound.
19:33 of 3rd period - John McCarthy wins face-off versus Kyle Chipchura in Whale zone.
19:33 of 3rd period - John McCarthy is hit by Mike Brown.
19:39 of 3rd period - Whale, Dustin Tokarski is pulled from the net.
19:39 of 3rd period - Slapshot by John McCarthy.
19:39 of 3rd period - Shot Misses the Net.
19:41 of 3rd period - Wrist shot by Mike Hedden.
19:41 of 3rd period - Shot Blocked by Kyle Chipchura.
Goals for this period are 0 for Senators vs 0 for Whale.
Shots for this period are 7 for Senators vs 3 for Whale.


Output by the SimonT Hockey Simulator (STHS) for Eric Dolegowski -- Original Page W3C XHTML 1.0 Valid
Hockey Simulator - Hockey Simulation - Hockey Manager